 Dungeon Crawl Stone Soup version 0.28-a0-861-ge64d6db94f (webtiles) character file.

Game seed: 13756173002758421611

18528 vurker the Zephyrmancer (level 12, 0/73 HPs)
             Began as a Tengu Air Elementalist on Nov 15, 2021.
             Was a Priest of Vehumet.
             Slain by a minotaur (7 damage)
             ... in a Gauntlet.
             The game lasted 00:19:12 (19638 turns).

vurker the Zephyrmancer (Tengu Air Elementalist)   Turns: 19638, Time: 00:19:13

Health: 0/73       AC: 13    Str:  8    XL:     12   Next: 59%
Magic:  3/36       EV: 13    Int: 22    God:    Vehumet [***...]
Gold:   755        SH: 10    Dex: 17    Spells: 26/32 levels left

rFire   . . .      SeeInvis .   j - +3 dagger (venom)
rCold   . . .      Faith    .   n - +0 buckler
rNeg    . . .      Spirit   .   G - +0 acid dragon scales
rPois   .          Reflect  +   (helmet restricted)
rElec   .          Harm     .   g - +0 cloak
rCorr   +          Rampage  .   c - +1 pair of gloves {Dex+3}
Will    ++...      NoTele   +   (boots unavailable)
Stlth   ++........              l - amulet of reflection
HPRegen 0.22/turn               o - ring of magical power
MPRegen 0.25/turn               a - ring "Mafrasydgh" {Will++ AC+4}

@: flying quickly and evasively, hasted, very quick
A: beak, talons 3, nimble flight
a: Renounce Religion


You were in a Gauntlet.
You worshipped Vehumet.
Vehumet was most pleased with you.
You visited 3 branches of the dungeon, and saw 15 of its levels.
You also visited: Gauntlet.

You collected 788 gold pieces.
You spent 33 gold pieces at shops.

Inventory:

Hand Weapons
 j - a +3 dagger of venom (weapon)
   (You took it off an orc on level 4 of the Dungeon)
Armour
 c - a +1 pair of gloves of dexterity (worn)
   (You found it on level 6 of the Dungeon)
 g - a +0 cloak (worn)
   (You found it on level 4 of the Dungeon)
 n - a +0 buckler (worn)
   (You found it on level 7 of the Dungeon)
 E - a scarf of invisibility
   (You found it on level 1 of the Lair of Beasts)
 G - +0 acid dragon scales (worn)
   (You found it in a Gauntlet)
Magical Staves
 u - a staff of fire
   (You found it on level 5 of the Dungeon)
 F - a staff of earth
   (You found it on level 9 of the Dungeon)
Jewellery
 a - the ring "Mafrasydgh" (right hand) {Will++ AC+4}
   (You found it in a Gauntlet)

   [ring of protection]

   AC:        It affects your AC (+4).
   Will:      It greatly increases your willpower.
 l - an amulet of reflection (around neck)
   (You found it on level 3 of the Dungeon)
 o - a ring of magical power (left hand)
   (You found it on level 9 of the Dungeon)
Wands
 t - a wand of flame (23)
   (You found it on level 11 of the Dungeon)
 v - a wand of digging (5)
   (You found it on level 2 of the Lair of Beasts)
 x - a wand of acid (16)
   (You found it on level 4 of the Dungeon)
Scrolls
 h - 4 scrolls of enchant armour
 i - a scroll of amnesia
 m - 2 scrolls of enchant weapon
 q - 2 scrolls of teleportation
 y - a scroll of immolation
 C - 2 scrolls of magic mapping
Potions
 b - 2 potions of ambrosia {unknown}
 e - 3 potions of mutation
 f - a potion of haste
 k - a potion of attraction {unknown}
 p - 3 potions of magic {unknown}
 r - a potion of resistance {unknown}
 s - 5 potions of curing
 w - a potion of invisibility {unknown}
 z - 2 potions of lignification {unknown}
 A - a potion of heal wounds
 D - a potion of degeneration {unknown}


   Skills:
 + Level 8.1 Fighting
 - Level 2.1 Dodging
 - Level 2.0 Stealth
 - Level 4.0 Shields
 * Level 10.9 Spellcasting
 - Level 5.0 Conjurations
 * Level 8.5 Ice Magic
 + Level 13.6 Air Magic


You had 26 spell levels left.
You knew the following spells:

 Your Spells              Type           Power      Damage    Failure   Level
a - Shock                 Conj/Air       100%       1d9       1%          1
b - Freeze                Ice            100%       1d11      1%          1
c - Airstrike             Air            32%        N/A       1%          4

Your spell library contained the following spells:

 Spells                   Type           Power      Damage    Failure   Level
 Flame Wave               Conj/Fire      23%        3d6       10%         4
 Corpse Rot               Necr/Air       84%        N/A       1%          2
 Static Discharge         Conj/Air       52%        N/A       1%          2
 Ozocubu's Armour         Ice            49%        N/A       1%          3
 Swiftness                Air            64%        N/A       1%          3
 Sandblast                Erth           24%        2d8       2%          1
 Stone Arrow              Conj/Erth      46%        3d9       3%          3
 Passwall                 Tmut/Erth      10%        N/A       16%         2
 Tukima's Dance           Hex            12%        N/A       30%         3
 Metabolic Englaciation   Hex/Ice        15%        N/A       43%         5
 Yara's Violent Unravell  Hex/Tmut       6%         3d5       54%         5
 Dispel Undead            Necr           12%        3d9       69%         4
 Passage of Golubria      Tloc           12%        N/A       69%         4
 Summon Forest            Summ/Tloc      6%         N/A       95%         5
 Simulacrum               Ice/Necr       15%        N/A       95%         6
 Eringya's Noxious Bog    Tmut/Pois      6%         N/A       97%         6
 Death Channel            Necr           6%         N/A       100%        6
 Summon Hydra             Summ           6%         N/A       100%        7


Dungeon Overview and Level Annotations

Branches:
Dungeon (11/15)            Temple (1/1) D:5            Lair (3/6) D:8
 Shoals (0/4) Lair:2          Orc (0/2) D:9         Gauntlet (1/1)
  Snake: Lair:2-4    Spider: Lair:2-4

Altars:
Ashenzari
Cheibriados
Dithmenos
Elyvilon
Fedhas
Gozag
Hepliaklqana
Kikubaaqudgha
Makhleb
Nemelex Xobeh
Okawaru
Qazlal
Ru
Sif Muna
Trog
Uskayaw
Vehumet
Wu Jian
Xom
Yredelemnul
Zin
The Shining One
Beogh

Shops:
D:5 !   D:6 *   D:8 [??

Annotations:
D:4 3 runed translucent doors, Sassenached's ghost, amateur HuWn; t4s4d4r's ghost, amateur DgTm
D:8 1 runed translucent door, Shym's ghost, novice GrEE
D:11 exclusion: 3 doors
Lair:1 1 runed translucent door, tstbtto's ghost, novice DjBe Gauntlet 8 transporters


Innate Abilities, Weirdness & Mutations

You have a beak for a mouth.
You have claws for feet.
Your magical nature lets you fly swiftly and evasively.


Message History

Okay, then.
As you read the scroll of fear, it crumbles to dust.
You assume a fearsome visage.
The minotaur looks frightened!
You reach down and close the door.
You feel yourself speed up.
You feel much better.
You reach down and open the door.
Found a glowing buckler and a runed leather armour.
The minotaur throws a javelin.
The javelin pierces through you!
* * * LOW HITPOINT WARNING * * *
Aim: a minotaur, wielding the +6 trident "Ogreslayer" {elec, rC+}, wearing a +0 chain mail, wearing an amulet of guardian spirit and quivering javelins (moderately wounded, empty space bonus: 3/8)
The air twists around and strikes the minotaur!
Aim: a minotaur, wielding the +6 trident "Ogreslayer" {elec, rC+}, wearing a +0 chain mail, wearing an amulet of guardian spirit and quivering javelins (moderately wounded, empty space bonus: 3/8)
The air twists around and strikes the minotaur but does no damage.
Aim: a minotaur, wielding the +6 trident "Ogreslayer" {elec, rC+}, wearing a +0 chain mail, wearing an amulet of guardian spirit and quivering javelins (moderately wounded, empty space bonus: 6/8)
The air twists around and strikes the minotaur!
Aim: a minotaur, wielding the +6 trident "Ogreslayer" {elec, rC+}, wearing a +0 chain mail, wearing an amulet of guardian spirit and quivering javelins (heavily wounded, empty space bonus: 4/8)
The air twists around and strikes the minotaur!
The minotaur throws a javelin.
The javelin pierces through you!!
* * * LOW HITPOINT WARNING * * *
You feel much better.
Aim: a minotaur, wielding the +6 trident "Ogreslayer" {elec, rC+}, wearing a +0 chain mail, wearing an amulet of guardian spirit and quivering javelins (heavily wounded, empty space bonus: 4/8)
The air twists around and strikes the minotaur!
Aim: a minotaur, wielding the +6 trident "Ogreslayer" {elec, rC+}, wearing a +0 chain mail, wearing an amulet of guardian spirit and quivering javelins (severely wounded, empty space bonus: 4/8)
The air twists around and strikes the minotaur but does no damage.
You don't have enough magic to cast this spell.
Aim: a minotaur, wielding the +6 trident "Ogreslayer" {elec, rC+}, wearing a +0 chain mail, wearing an amulet of guardian spirit and quivering javelins (severely wounded, 83% to hit)
Okay, then.
Aim: a minotaur, wielding the +6 trident "Ogreslayer" {elec, rC+}, wearing a +0 chain mail, wearing an amulet of guardian spirit and quivering javelins (severely wounded)
The mass of ice explodes!
The iceblast engulfs the minotaur.
The minotaur partially resists.
The minotaur throws a javelin.
The javelin pierces through you!!
* * * LOW HITPOINT WARNING * * *
Aim: a minotaur, wielding the +6 trident "Ogreslayer" {elec, rC+}, wearing a +0 chain mail, wearing an amulet of guardian spirit and quivering javelins (severely wounded)
The mass of ice explodes!
The iceblast engulfs the minotaur.
The minotaur partially resists.
The minotaur closely misses you.
Aim: a minotaur, wielding the +6 trident "Ogreslayer" {elec, rC+}, wearing a +0 chain mail, wearing an amulet of guardian spirit and quivering javelins (severely wounded)
The mass of ice explodes!
The iceblast engulfs the minotaur!
The minotaur partially resists.
The now-empty wand crumbles to dust.
The minotaur throws a javelin.
The javelin pierces through you but does no damage.
You don't have any such object.
You don't have any such object.
Okay, then.
Aim: a minotaur, wielding the +6 trident "Ogreslayer" {elec, rC+}, wearing a +0 chain mail, wearing an amulet of guardian spirit and quivering javelins (almost dead, 83% to hit)
The bolt of acid hits the minotaur.
The acid corrodes the minotaur!
Aim: a minotaur, wielding the +6 trident "Ogreslayer" {elec, rC+}, wearing a +0 chain mail, wearing an amulet of guardian spirit and quivering javelins (almost dead, covered in acid, 83% to hit)
The bolt of acid misses the minotaur.
The minotaur hits you from afar with the +6 trident "Ogreslayer" {elec, rC+}!
You die...

#/.[# #8.8# ####[.[####
###8.#8.8#.8### #....#...#....#
#.#..#8H8#..#.# #.#..##'##..#.#
#......@......# #.#.##.#.##.#.#
#.#....#....#.#
###.#.#######.#.###
#.................#
#.♣.♣.©.©.©.©.♣.♣.#
#................. # ###
##################### ### #
###≈###≈###...........###≈###≈###


You could see a minotaur (corroded).

Vanquished Creatures
  Snorg (D:10)
  A hydra (Lair:1)
  2 two-headed ogres (D:11)
  Erica (Lair:2)
  An oklob plant (Gauntlet)
  2 black mambas
  A torpor snail (Gauntlet)
  7 cane toads
  2 rime drakes (Lair:2)
  A kobold demonologist (D:9)
  4 komodo dragons (Lair:1)
  2 trolls (D:9)
  A polar bear (Lair:2)
  3 blink frogs (Lair:1)
  A tyrant leech (Gauntlet)
  A snapping turtle (Lair:2)
  3 wyverns
  2 wraiths
  11 yaks
  A basilisk (Lair:1)
  2 swamp worms (Gauntlet)
  3 wargs (D:8)
  9 water moccasins
  2 acid dragons (Gauntlet)
  A sky beast (D:5)
  2 hornet zombies (D:6)
  5 orc warriors
  2 black bears (D:6)
  An ogre (D:7)
  A necrophage (D:4)
  6 wolves (Gauntlet)
  3 centaurs
  A kobold brigand (D:10)
  A phantom (D:6)
  11 bullfrogs
  A gnoll sergeant (D:11)
  A scorpion (D:4)
  3 killer bees (D:9)
  4 wights (D:10)
  9 howler monkeys
  A crimson imp (D:7)
  2 centaur zombies
  8 orc priests
  A hound (D:4)
  A bullfrog skeleton (D:7)
  2 jellies
  2 centaur skeletons (D:6)
  A scorpion zombie (D:4)
  An iguana (D:7)
  11 orc wizards
  2 hound skeletons
  2 howler monkey zombies
  6 adders
  5 gnolls (D:11)
  A white imp (D:7)
  An ufetubus (D:5)
  2 worms (D:2)
  3 dart slugs
  36 orcs
  8 bats
  8 endoplasms
  A giant cockroach (D:1)
  7 goblins
  4 hobgoblins
  6 jackals
  2 quokkas (D:1)
  9 ball pythons
  7 kobolds
  4 rats
260 creatures vanquished.

Vanquished Creatures (others)
  5 fungi (Lair:1)
  5 plants
  6 withered plants (D:4)
16 creatures vanquished.

Grand Total: 276 creatures vanquished

Notes
Turn   | Place    | Note
-------+----------+-------------------------------------------
     0 | D:1      | vurker the Tengu Air Elementalist began the quest for the
                  | Orb.
     0 | D:1      | Reached XP level 1. HP: 10/10 MP: 4/4
   194 | D:1      | Reached XP level 2. HP: 16/16 MP: 3/6
   460 | D:1      | You fall into a shaft and drop 1 floor!
   637 | D:1      | Reached XP level 3. HP: 16/20 MP: 1/7
  1196 | D:2      | Reached skill level 1 in Fighting
  1249 | D:2      | You fall into a shaft and drop 2 floors!
  1370 | D:4      | Found an iron altar of Okawaru.
  1453 | D:4      | Reached XP level 4. HP: 5/25 MP: 0/9
  1787 | D:4      | Found a runed translucent gate.
  1788 | D:4      | Found a runed translucent gate.
  1788 | D:4      | Found a runed translucent gate.
  1789 | D:4      | Noticed Sassenached's ghost (amateur HuWn)
  1789 | D:4      | Noticed t4s4d4r's ghost (amateur DgTm)
  1900 | D:3      | Reached skill level 5 in Air Magic
  2241 | D:3      | Gained mutation: Your magical nature lets you fly swiftly
                  | and evasively. [Tengu growth]
  2241 | D:3      | Reached XP level 5. HP: 8/29 MP: 3/10
  2847 | D:2      | Found a faded altar of an unknown god.
  4629 | D:4      | Found a basalt altar of Yredelemnul.
  4681 | D:5      | Entered Level 5 of the Dungeon
  4681 | D:5      | Found Peoth's Distillery.
  4693 | D:4      | Reached XP level 6. HP: 6/35 MP: 4/12
  4994 | D:4      | Reached skill level 6 in Air Magic
  5169 | D:5      | Bought a potion of curing for 33 gold pieces
  5183 | D:5      | Noticed a necrophage
  5208 | D:4      | Killed a necrophage
  5211 | D:4      | Reached XP level 7. HP: 35/40 MP: 4/14
  5472 | D:5      | Learned a level 4 spell: Airstrike
  5830 | D:5      | Reached skill level 7 in Air Magic
  5879 | D:5      | Found the +6 arbalest "Damnation" {damnation}
  6089 | D:5      | Found a staircase to the Ecumenical Temple.
  6106 | Temple   | Entered the Ecumenical Temple
  6111 | Temple   | Became a worshipper of Vehumet
  6347 | D:6      | Reached skill level 5 in Spellcasting
  6347 | D:6      | Reached XP level 8. HP: 43/46 MP: 7/16
  6637 | D:6      | Reached skill level 5 in Conjurations
  6637 | D:6      | Reached skill level 8 in Air Magic
  7057 | D:6      | Found Zin's Purification Station.
  7057 | D:6      | Found a glowing silver altar of Zin.
  7324 | D:6      | Found a stormy altar of Qazlal.
  7448 | D:6      | Found a sparkling altar of Nemelex Xobeh.
  7707 | D:6      | Reached skill level 9 in Air Magic
  8256 | D:7      | Reached XP level 9. HP: 52/52 MP: 6/19
  8894 | D:7      | Reached * piety under Vehumet
  8894 | D:7      | Offered knowledge of Freeze by Vehumet.
  8895 | D:7      | Reached skill level 1 in Shields
  8895 | D:7      | Reached skill level 10 in Air Magic
  8976 | D:7      | Learned a level 1 spell: Freeze
  9254 | D:8      | Found Zifewkih's Magic Scroll Boutique.
  9496 | D:8      | Reached skill level 1 in Ice Magic
  9674 | D:8      | Found Iden's Magic Scroll Emporium.
  9796 | D:8      | Reached skill level 5 in Fighting
  9931 | D:8      | Found a staircase to the Lair.
 10225 | D:8      | Found Cissow's Antique Armour Boutique.
 10533 | D:8      | Found a runed translucent door.
 10534 | D:8      | Found a shimmering altar of Xom.
 10534 | D:8      | Noticed Shym's ghost (novice GrEE)
 10534 | D:8      | Noticed a +2 long sword of chaos
 10707 | D:9      | Noticed a troll
 10712 | D:9      | Killed a troll
 10977 | D:9      | Reached skill level 11 in Air Magic
 10977 | D:9      | Reached XP level 10. HP: 59/59 MP: 18/22
 11039 | D:9      | Noticed a kobold demonologist
 11042 | D:9      | Killed a kobold demonologist
 11695 | D:9      | Found a broken altar of Ashenzari.
 12340 | D:9      | Offered knowledge of Searing Ray by Vehumet.
 12363 | D:9      | Reached ** piety under Vehumet
 12746 | D:9      | Found a staircase to the Orcish Mines.
 12808 | D:10     | Entered Level 10 of the Dungeon
 13329 | D:10     | Found a hazy altar of Hepliaklqana.
 13329 | D:10     | Noticed Snorg
 13337 | D:10     | Killed Snorg
 13621 | D:10     | Offered knowledge of Scorch by Vehumet.
 13986 | D:10     | Reached skill level 5 in Ice Magic
 13986 | D:10     | Reached skill level 12 in Air Magic
 14103 | D:11     | Noticed a two-headed ogre
 14114 | D:11     | Killed a two-headed ogre
 14115 | D:11     | Reached XP level 11. HP: 54/66 MP: 14/24
 14217 | D:11     | Noticed a boulder beetle
 14771 | D:11     | Noticed a two-headed ogre
 14775 | D:11     | Killed a two-headed ogre
 15004 | Lair:1   | Entered Level 1 of the Lair of Beasts
 15163 | Lair:1   | Reached *** piety under Vehumet
 15390 | Lair:1   | Noticed a five-headed hydra
 15420 | Lair:1   | Killed a five-headed hydra
 15860 | Lair:1   | Found a runed translucent door.
 16471 | Lair:1   | Reached skill level 10 in Spellcasting
 16673 | Lair:1   | Noticed tstbtto's ghost (novice DjBe)
 16806 | Lair:2   | Reached skill level 13 in Air Magic
 16920 | Lair:1   | Reached XP level 12. HP: 59/72 MP: 21/27
 17089 | Lair:2   | Noticed Erica
 17094 | Lair:2   | Killed Erica
 17303 | Lair:2   | Found a staircase to the Shoals.
 18414 | Lair:3   | Offered knowledge of Flame Wave by Vehumet.
 18540 | Lair:3   | Found a gate leading to a gauntlet.
 18583 | Gauntlet | Entered a Gauntlet
 18583 | Gauntlet | Found a transporter.
 18607 | Gauntlet | Found a transporter.
 18609 | Gauntlet | Found a transporter.
 18620 | Gauntlet | Found a transporter.
 18623 | Gauntlet | Found a transporter.
 18631 | Gauntlet | Found a transporter.
 18637 | Gauntlet | Found the +9 staff of Olgreb {rPois∞}
 18652 | Gauntlet | Found a transporter.
 18664 | Gauntlet | Found a transporter.
 18668 | Gauntlet | Noticed a quicksilver ooze
 18670 | Gauntlet | Found a transporter.
 18670 | Gauntlet | Found a transporter.
 18706 | Gauntlet | Found a transporter.
 18725 | Gauntlet | Found a transporter.
 18739 | Gauntlet | Found a transporter.
 18739 | Gauntlet | Found a transporter.
 18813 | Gauntlet | Noticed a bunyip
 18833 | Gauntlet | Noticed a two-headed ogre
 18833 | Gauntlet | a faun changed into a two-headed ogre
 18838 | Gauntlet | a two-headed ogre changed into a cyclops
 19573 | Gauntlet | Identified the ring "Mafrasydgh" {Will++ AC+4}
 19600 | Gauntlet | Identified the +6 trident "Ogreslayer" {elec, rC+}
 19600 | Gauntlet | Noticed a minotaur
 19638 | Gauntlet | Slain by a minotaur

Illustrated notes

Levels and vault maps discovered:
D:1:      ncdulo_watergridlock, layout_rooms, minmay_misc_feat_secret_circle,
          st_stairs_9
D:2:      layout_loops_ring, hellmonk_ecumenical_altar_defaced_shrine
D:3:      layout_loops_ring
D:4:      layout_basic, mainiacjoe_overflow_tiny_flanked,
          lemuel_zombie_altar_yredelemnul, serial_curves, eino_curves_03,
          eino_curves_01, eino_curves_01, eino_curves_04,
          gammafunk_ghost_cemetery, eino_small_chamber_without_monster,
          chequers_serial_rivers_large_b
D:5:      layout_basic, minmay_temple_entry_grid, minmay_shop_grid_forest,
          grunt_ministairs_15
D:6:      layout_gridville, kennysheep_mini_moat, mainiacjoe_overflow_boulevard,
          zin_purify
D:7:      layout_loops_ring, minmay_fire_ice_demons
D:8:      layout_loops_ring, erik_lair_orcish_takeover, ebering_ghost_xom,
          serial_shops, nicolae_lakefront_shop, nicolae_diamond_shop,
          nicolae_shop_statue_plus
D:9:      layout_layer_cave, nicolae_ashenzari_panopticon, david_orc_4,
          evilmike_butchery
D:10:     layout_basic, mainiacjoe_overflow_chevrons, uniq_snorg
D:11:     layout_roguey
Temple:   minmay_freezing_vapour_temple
Lair:1:   layout_hall_layers, ebering_ghost_reflecting_pool
Lair:2:   layout_gridlike, minmay_shoals_entry_hut,
          eino_small_chamber_without_monster, st_stairs_11,
          serial_bayou_lagoon_b, lemuel_fruit_fields, uniq_erica
Lair:3:   layout_gridlike, gauntlet_entry_generic, beast_lair_carwin_7
Gauntlet: minmay_gauntlet_77_tree [minmay_gauntlet_arena_77_mirror,
          minmay_gauntlet_arena_77_squiggly, minmay_gauntlet_arena_77_checkered,
          minmay_gauntlet_arena_77_box, minmay_gauntlet_arena_77_double_cross,
          minmay_gauntlet_arena_77_p_blocks, minmay_gauntlet_arena_77_two_paths,
          nicolae_gauntlet_exit_dead_adventurers]

Skill      XL: |  1  2  3  4  5  6  7  8  9 10 11 12 |
---------------+-------------------------------------+-----
Conjurations   | 2 3 4 5 |  5.0
Fighting       | 1 2 3 4 5 6 7 8 |  8.1
Air Magic      | 5 6 7 9 11 12 13 | 13.6
Spellcasting   | 3 4 5 6 7 8 10 | 10.9
Shields        | 2 4 |  4.0
Ice Magic      | 3 5 7 8 |  8.5
Dodging        | |  2.1
Stealth        | |  2.0

Action                   |  1- 3 |  4- 6 |  7- 9 | 10-12 || total
-------------------------+-------+-------+-------+-------++-------
Melee: Dagger            |    10 |     4 |     5 |       ||    19
       Peck              |     3 |     2 |     1 |       ||     6
       Kick              |     1 |       |     1 |       ||     2
 Cast: Shock             |    78 |   133 |    96 |    70 ||   377
       Airstrike         |       |       |    86 |   274 ||   360
Evoke: Wand              |       |       |     1 |     7 ||     8
  Use: Scroll            |       |       |    15 |     5 ||    20
       Potion            |       |       |       |     4 ||     4
Armor: Robe              |     4 |     8 |     5 |     9 ||    26
       Acid dragon scale |       |       |       |     1 ||     1
Dodge: Dodged            |    14 |    39 |    28 |    55 ||   136
Block: Other             |       |    16 |     6 |       ||    22
       Buckler           |       |       |     1 |    44 ||    45
       Reflection        |       |       |       |     5 ||     5

Table legend: (Time is in decaauts)
 A = Elapsed time spent in this place.
 B = Non-inter-level travel time spent in this place.
 C = Inter-level travel time spent in this place.
 D = Time resting spent in this place.
 E = Time spent auto-exploring this place.
 F = Levels seen in this place.
 G = Mean time per level.
                   A        B        C        D        E       F      G
               +--------+--------+--------+--------+--------+-----+--------+
         Total |  18832 |  18272 |    560 |   1150 |  15177 |  16 | 1177.0 |
       Dungeon |  14369 |  13885 |    484 |    857 |  11640 |  11 | 1306.3 |
        Temple |      9 |      6 |      3 |      0 |      0 |   1 |    9.0 |
          Lair |   3428 |   3356 |     72 |    101 |   2920 |   3 | 1142.7 |
      Gauntlet |   1024 |   1024 |      0 |    192 |    616 |   1 | 1024.0 |
               +--------+--------+--------+--------+--------+-----+--------+

Top non-repeatable levels by time:
     D:9: 2071 daAuts
  Lair:1: 1988 daAuts
     D:4: 1955 daAuts
     D:6: 1604 daAuts
     D:7: 1364 daAuts
     D:8: 1364 daAuts
  Lair:2: 1235 daAuts
     D:3: 1194 daAuts
    D:10: 1149 daAuts
Gauntlet: 1024 daAuts
     D:1: 987 daAuts
     D:5: 983 daAuts
     D:2: 906 daAuts
    D:11: 787 daAuts
  Lair:3: 205 daAuts
